Unix NetHack Version 5.0.0-0 post-release - last build Jun 10 2026 00:39:30 (3ee93aec679c4c4259841fe613dc97188e26a321,branch:main).

Game began 2026-06-13 22:04:46, ended 2026-06-15 15:18:17.

Eymerich, chaotic male elven Priest

                   --------           -------
     ----------   #.......|           |.....|
     |........|   #|..(...|           |.....|
     |........|   #|....{.|          #.......#
     |........|  ##----|---          #|.....|#     -----
     |........|###     ##           ##-------####%#.[..|
     |........-#        #        ####        #     |..`[###
     ------.---         ###      #           #     |@.(|  ##
         ###              #      #                 |q..|   ##
         #            ----.----  #                 -|---    ####------------
         #            |.......|  #                  #          #-.??......+|
      ####            |.......| ##                  #           |..........|
      #               |.......|##           #########           |.........?|
 -----|--             |........#          ####                  |..........|
 |......|             |.......|           #-.----------         |..........|
 |......|        #**##...------           #|..........|         |...?......|
 |.......#########       #                #....>......|         ------------
 |......|                                  |..........|
 --------                                  ------------

Eymerich the Adept           St:12 Dx:13 Co:12 In:13 Wi:18 Ch:12  Chaotic
Dlvl:3  $:557 HP:0(41) Pw:50(76) AC:8  Xp:6 T:5747  Burdened

Latest messages:
 You finish eating the gnome corpse.
 In what direction?
 The magical energy is released!
 In what direction?
 You feel better.
 You see here a candle.
 You have a little trouble lifting A - a candle.
 You see here a bat corpse.
 There's some graffiti on the floor here.
 You read: "Tney say th?  dwarve? l?wfu?ly mird thei? ovn bus?nes?."
 There's some graffiti on the floor here.
 You read: "Tney say th?  dwarve? l?wfu?ly mird thei? ovn bus?nes?."
 You see here an empty unlocked large box.
 The rothe hits!
 The rothe bites!
 The rothe bites again!
 You miss the rothe.
 You miss the rothe.
 The rothe hits!
 The rothe bites!
 The rothe bites again!
 You hit the rothe!
 The rothe hits!
 The rothe bites!
 The rothe bites again!
 In what direction?
 You feel better.
 The rothe hits!
 The rothe bites!
 The rothe bites again!
 In what direction?
 You feel better.
 The rothe hits!
 The rothe bites!
 The rothe bites again!
 You miss the rothe.
 The rothe hits!
 The rothe bites!
 The rothe bites again!
 The rothe hits!
 The rothe bites!
 The rothe bites again!
 You hit the rothe.
 The rothe hits!
 The rothe bites!
 The rothe bites again!
 You die...
 Do you want your possessions identified? [ynq] (y)
 Do you want to see your attributes? [ynq] (y)
 Do you want an account of creatures vanquished? [ynaq] (y)

Inventory:
 Coins    ('$')
  $ - 557 gold pieces
 Weapons  (')')
  k - 3 +0 elven arrows
  u - a poisoned +0 orcish arrow
  T - 6 +0 ya
  y - a burnt +0 orcish bow
  n - 11 +0 darts (at the ready)
  S - 5 +0 daggers
  m - a +0 dwarvish mattock (alternate weapon; not wielded)
  a - a blessed greased +3 mace (weapon in right hand)
 Armor    ('[')
  b - a blessed +0 robe (being worn)
 Comestibles  ('%')
  p - a slime mold
  e - a clove of garlic
  H - a food ration
  f - a sprig of wolfsbane
 Scrolls  ('?')
  R - a scroll of enchant armor
  U - a scroll of magic mapping
  G - a scroll of scare monster
 Potions  ('!')
  M - 2 potions of confusion
  w - a potion of extra healing
  s - a potion of gain energy
  z - 2 potions of healing
  v - a blessed potion of object detection
  j - a potion of see invisible
  x - 2 potions of speed
  d - 3 potions of holy water
  I - 2 potions of water
  N - 2 potions of unholy water
 Rings    ('=')
  r - a +1 ring of adornment
  q - a cursed ring of see invisible
 Wands    ('/')
  P - a wand of magic missile (0:1)
  W - a wand of make invisible (0:6)
 Tools    ('(')
  t - a can of grease (0:23)
  i - a magic marker (0:19)
  o - a skeleton key
  A - a tallow candle

Eymerich the Priest's attributes:

Background:
 You were an Adept, a level 6 elven Priest.
 You were chaotic, on a mission for Offler
 who was opposed by Blind Io (lawful) and The Lady (neutral).
 You were right-handed.
 You were in the Dungeons of Doom, on level 3.
 You entered the dungeon 5747 turns ago.
 There was a new moon in effect when your adventure ended.
 You had 613 experience points, 27 more were needed to attain level 7.

Basics:
 You had 0 out of 41 hit points.
 You had 50 out of 76 energy points (spell power).
 Your armor class was 8.
 Your wallet contained 557 zorkmids.
 Autopickup was off.

Final Characteristics:
 Your strength was 12 (limit:18).
 Your dexterity was 13 (limit:18).
 Your constitution was 12 (limit:16).
 Your intelligence was 13 (limit:20).
 Your wisdom was 18 (limit:20).
 Your charisma was 12 (limit:18).

Final Status:
 You weren't hungry.
 You were burdened; movement was slightly slowed.
 You were wielding a mace.
 You had basic skill with mace and could have enhanced that.

Final Attributes:
 You were piously aligned.
 You were sleep resistant.
 You were telepathic.
 You had infravision.
 You were guarded.
 Your spell casting was enhanced by wearing a robe.
 You are dead.

Miscellaneous:
 You encountered 1 bones level.
 Total elapsed playing time was 2 hours, 32 minutes and 27 seconds.

Major events:
 Turn
    1: Eymerich the chaotic elven Priest entered the dungeon
 1486: attained the rank of Acolyte (level 3)
 1674: read a Discworld novel
 2600: entered the Gnomish Mines
 4196: attained the rank of Adept (level 6)
 5747: killed by a rothe

Spells:
 Name                 Level Category     Fail Retention
 healing                1   healing        0%   51%-75%
 identify               3   divination    59%   51%-75%

Skills:
 Fighting Skills
   bare handed combat [Unskilled]
 Weapon Skills
   club               [Unskilled]
   mace               [Basic]
   morning star       [Unskilled]
   flail              [Unskilled]
   hammer             [Unskilled]
   quarterstaff       [Unskilled]
   polearms           [Unskilled]
   spear              [Unskilled]
   trident            [Unskilled]
   lance              [Unskilled]
   bow                [Unskilled]
   sling              [Unskilled]
   crossbow           [Unskilled]
   dart               [Unskilled]
   shuriken           [Unskilled]
   boomerang          [Unskilled]
   unicorn horn       [Unskilled]
 Spellcasting Skills
   healing spells     [Unskilled]
   divination spells  [Unskilled]
   clerical spells    [Basic]

Voluntary challenges:
 Character rerolling was not enabled.
 You never genocided any monsters.
 You never polymorphed an object.
 You never changed form.
 You used no wishes.
Achievements:
 You attained the rank of Acolyte.
 You entered a shop.
 You read from a Discworld novel.
 You entered the Gnomish Mines.
 You attained the rank of Adept.

 The Dungeons of Doom: levels 1 to 6
    Level 1:
       A sink.
    Level 2: "2 x locked box, locked chest"
       A scroll shop, many fountains, a sink, many trees.
    Level 3: "locked box, unexplored" <- You were here.
       A scroll shop, a fountain.
       Final resting place for
          you, killed by a rothe.
    Level 4:
       A potion shop.
       Stairs down to The Gnomish Mines.
    Level 5: "locked box"
       A fountain.
    Level 6:
       A fountain.
       Final resting place for
          androo-Wiz-Hum-Mal-Neu, killed by a water moccasin.
 The Gnomish Mines:
    Level 5:


Vanquished creatures:
  a ghost
  2 small mimics
  6 water moccasins
 an imp
  5 wood nymphs
  4 Uruk-hai
 an orc shaman
  a rock piercer
  2 rock moles
  a pony
  a yellow light
  a violet fungus
  a gnome leader
  2 giant ants
  a little dog
  2 floating eyes
  3 dwarves
  3 rothes
  a centipede
  a giant bat
  a werejackal
 an iguana
  3 acid blobs
  3 coyotes
  a hobgoblin
  2 giant rats
  a red mold
  7 gnomes
  6 garter snakes
  a gecko
 10 jackals
  a goblin
  2 sewer rats
 14 grid bugs
  4 bats
  4 lichens
  a kobold zombie
 10 newts
112 creatures vanquished.

No species were genocided or became extinct.

Game over:
                       ----------
                      /          \
                     /    REST    \
                    /      IN      \
                   /     PEACE      \
                  /                  \
                  |     Eymerich     |
                  |      557 Au      |
                  |   killed by a    |
                  |      rothe       |
                  |                  |
                  |                  |
                  |       2026       |
                 *|     *  *  *      | *
        _________)/\\_//(\/(/\)/\//\/|_)_______

Goodbye Eymerich the Priest...

You died in The Dungeons of Doom on dungeon level 3 with 3214 points,
and 557 pieces of gold, after 5747 moves.
You were level 6 with a maximum of 41 hit points when you died.

